 Dungeon Crawl Stone Soup version 0.17-a0-777-g32247ce (console) character file.

270503 sose the Earth Mage (level 20, -10/128 HPs)
             Began as a Gargoyle Earth Elementalist on Apr 25, 2015.
             Was the Champion of Ashenzari.
             Killed from afar by a fire giant (20 damage)
             ... with a fireball
             ... on level 1 of the Depths on Apr 26, 2015.
             The game lasted 03:52:59 (49313 turns).

sose the Earth Mage (Gargoyle Earth Elementalist)  Turns: 49313, Time: 03:52:59

Health: -10/128    AC: 51    Str: 21    XL:     20   Next: 61%
Magic:  53/64      EV: 10    Int: 18    God:    Ashenzari [******]
Gold:   1416       SH:  5    Dex: 11    Spells: 10 memorised, 8 levels left

rFire  + . .     SeeInvis +     a - +9 eveningstar {holy, rF+ Dex+3}
rCold  . . .     Clarity  +     C - +11 chain mail of Mudaenej {MR+}
rNeg   + + +     SustAb   .     g - +0 buckler (curse)
rPois  ∞         Gourm    .     u - +0 helmet (curse)
rElec  +         Spirit   .     e - +1 cloak {+Inv} (curse)
rCorr  .         Warding  .     i - +1 pair of gloves {Str+3} (curse)
rMut   .         Stasis   .     I - +2 pair of boots {run} (curse)
MR     ++...                    c - amulet of Noon {rPois rN+ Regen+ MP+9 Int-5} (curse)
Stlth  ..........               Y - ring of Zen Mugh {MP+9 Str+4 Int+2 Dex-2 Slay+3} (curse)
                                B - ring of Lesser Demons {rPois rN+ MP+9 Int-2 Slay+3} (curse)

@: quick, very resistant to hostile enchantments, extremely unstealthy
A: big wings, clarity, negative energy resistance 1, electricity resistance,
unbreathing, petrification resistance, rot immunity, AC +15
a: Fly, Scrying, Transfer Knowledge, Renounce Religion, Evoke Invisibility
}: 1/15 runes: barnacled


You were on level 1 of the Depths.
You worshipped Ashenzari.
Ashenzari was exalted by your worship.
You were hungry.

You visited 7 branches of the dungeon, and saw 38 of its levels.
You also visited: Labyrinth, Ice Cave and Volcano.

You collected 4401 gold pieces.
You spent 2985 gold pieces at shops.

Inventory:

Hand weapons
 a - the +9 eveningstar of Poerix (weapon) {holy, rF+ Dex+3}
   (You bought it in a shop on level 4 of the Orcish Mines)

   It has been blessed by the Shining One to cause great damage to the undead
   and demons.
   It affects your dexterity (+3).
   It protects you from fire.
 b - a +9 demon whip of chaos
Armour
 e - a cursed +1 cloak of invisibility (worn)
 g - a cursed +0 buckler (worn)
 i - a cursed +1 pair of gloves of strength (worn)
 u - a cursed +0 helmet (worn)
 C - the +11 chain mail of Mudaenej (worn) {MR+}
   (You found it on level 5 of the Shoals)

   It affects your resistance to hostile enchantments.
 I - a cursed +2 pair of boots of running (worn)
Jewellery
 c - the cursed amulet of Noon (around neck) {rPois rN+ Regen+ MP+9 Int-5}
   (You acquired it on level 13 of the Dungeon)

   [amulet of regeneration]

   It affects your intelligence (-5).
   It protects you from poison.
   It protects you from negative energy.
   It affects your magic capacity (+9).
   It increases your rate of regeneration.
   It has a curse placed upon it.
 B - the cursed ring of Lesser Demons (left hand) {rPois rN+ MP+9 Int-2 Slay+3}
   (You found it on level 8 of the Lair of Beasts)

   [ring of magical power]

   It affects your intelligence (-2).
   It affects your accuracy and damage with ranged weapons and melee attacks
   (+3).
   It protects you from poison.
   It protects you from negative energy.
   It affects your magic capacity (+9).
   It has a curse placed upon it.
 Y - the cursed ring of Zen Mugh (right hand) {MP+9 Str+4 Int+2 Dex-2 Slay+3}
   (You bought it in a shop on level 4 of the Orcish Mines)

   [ring of magical power]

   It affects your strength (+4).
   It affects your intelligence (+2).
   It affects your dexterity (-2).
   It affects your accuracy and damage with ranged weapons and melee attacks
   (+3).
   It affects your magic capacity (+9).
   It has a curse placed upon it.
Magical devices
 h - a wand of teleportation (4)
 l - a wand of draining (7)
 t - a wand of disintegration (5)
 v - a wand of teleportation (2)
 G - a wand of heal wounds (2)
 J - a wand of teleportation (6)
 K - a wand of heal wounds (5)
Scrolls
 k - a scroll of amnesia
 o - 4 scrolls of recharging
 p - 5 scrolls of fear
 s - 11 scrolls of magic mapping
 x - 2 scrolls of curse jewellery
 y - 10 scrolls of teleportation
 D - 4 scrolls of fog
 N - 8 scrolls of remove curse
 Q - 3 scrolls of identify
 V - a scroll of silence
 X - 2 scrolls of holy word
Potions
 f - 10 potions of curing
 m - 4 potions of restore abilities
 n - 2 potions of might
 q - 3 potions of magic
 z - 4 potions of haste
 A - 2 potions of berserk rage
 F - 3 potions of cancellation
 H - 2 potions of agility
 M - 2 potions of invisibility
 O - 2 potions of resistance
 P - 5 potions of heal wounds
 U - 7 potions of brilliance
Books
 r - a book of Flames

   Spells                             Type                      Level
   a - Flame Tongue                   Conjuration/Fire             1
   b - Throw Flame                    Conjuration/Fire             2
   c - Conjure Flame                  Conjuration/Fire             3
   d - Inner Flame                    Hexes/Fire                   3
   e - Sticky Flame                   Conjuration/Fire             4
   f - Fireball                       Conjuration/Fire             5
 w - a book of Callings

   Spells                             Type                      Level
   a - Summon Small Mammal            Summoning                    1
   b - Call Imp                       Summoning                    2
   c - Call Canine Familiar           Summoning                    3
   d - Summon Guardian Golem          Hexes/Summoning              3
   e - Summon Lightning Spire         Summoning/Air                4
   f - Summon Ice Beast               Ice/Summoning                4
 T - a Young Poisoner's Handbook

   Spells                             Type                      Level
   a - Sting                          Conjuration/Poison           1
   b - Cure Poison                    Poison                       2
   c - Mephitic Cloud                 Conjuration/Poison/Air       3
   d - Olgreb's Toxic Radiance        Poison                       4
   e - Venom Bolt                     Conjuration/Poison           5
 Z - a book of Maledictions

   Spells                             Type                      Level
   a - Corona                         Hexes                        1
   b - Ensorcelled Hibernation        Hexes/Ice                    2
   c - Confuse                        Hexes                        3
   d - Tukima's Dance                 Hexes                        3
   e - Dazzling Spray                 Conjuration/Hexes            3
Comestibles
 d - 27 bread rations
 j - 2 meat rations
 E - a chunk of flesh


   Skills:
 + Level 14.6 Fighting
 - Level 16.5 Maces & Flails
 + Level 13.9(17.9) Armour
 - Level 2.6 Dodging
 - Level 6.1 Stealth
 - Level 3.4(6.1) Shields
 + Level 13.6 Spellcasting
 + Level 13.7(17.8) Conjurations
 - Level 4.0(8.2) Charms
 - Level 3.2(7.1) Translocations
 - Level 2.0(5.3) Transmutations
 - Level 2.0(5.3) Air Magic
 + Level 17.6(21.3) Earth Magic
 - Level 4.4(8.7) Poison Magic
 - Level 3.3(7.3) Evocations


You had 8 spell levels left.
You knew the following spells:

 Your Spells              Type           Power        Failure   Level  Hunger
b - Stone Arrow           Conj/Erth      ######       1%          3    None
c - Mephitic Cloud        Conj/Pois/Air  ######..     1%          3    None
d - Lee's Rapid Deconstr  Erth           ######....   1%          5    ####...
e - Iron Shot             Conj/Erth      ######....   1%          6    ######.
f - Lehudib's Crystal Sp  Conj/Erth      ######....   50%         8    #######
g - Stoneskin             Trmt/Erth      ######..     1%          2    None
h - Repel Missiles        Chrm/Air       #####.       1%          2    None
i - Petrify               Trmt/Erth      ######..     1%          4    #......
B - Blink                 Tloc           N/A          1%          2    None
P - Passwall              Trmt/Erth      ######....   1%          3    None


Dungeon Overview and Level Annotations

Branches:
Dungeon (15/15)            Temple (1/1) D:7            Lair (8/8) D:9
 Shoals (5/5) Lair:5       Spider (0/5) Lair:3        Slime (0/6) Lair:8
    Orc (4/4) D:12            Elf (0/3) Orc:3        Vaults (4/5) D:14
  Crypt (0/3) Vaults:3     Depths (1/5) D:15

Altars:
Ashenzari
Cheibriados
Elyvilon
Gozag
Nemelex Xobeh
Ru
Sif Muna
Trog
Xom
Yredelemnul
Zin
The Shining One
Beogh
Jiyva

Shops:
D:13 [   Orc:4 [*(=?   Vaults:4 %

Portals:
Trove: D:14 (give 2 scrolls of acquirement)

Annotations:
D:7 Baka's ghost, experienced GrFi
D:8 exclusion: upstairs


Innate Abilities, Weirdness & Mutations

You are resistant to torment.
Your stone body is resilient (AC +15).
You are immune to poison.
Your large and strong wings let you fly indefinitely.
You resist negative energy.
You are resistant to electric shocks.
You can survive without breathing.
You are immune to petrification.
You are immune to rotting.
You possess an exceptional clarity of mind.


Message History

* * * LOW HITPOINT WARNING * * *
The fire giant points at you and mumbles some strange words.
The fireball explodes!
The fireball engulfs you! You resist.
* * * LOW HITPOINT WARNING * * *
The fireball engulfs the white very ugly thing.
The white very ugly thing dies!
The fireball engulfs the white ugly thing.
The fireball engulfs the ogre.
The ogre dies!
The fireball engulfs the fire giant.
The fire giant resists.
The white ugly thing tail-slaps you but does no damage.
You hear a shout!
Unknown command.
Casting: Lee's Rapid Deconstruction
Confirm with . or Enter, or press ? or * to list all spells.
You blink.
You are feeling hungry.
The fire giant casts a spell at you.
The fireball explodes!
The fireball engulfs you! You resist.
You die...

#...)†............
##..u#............
##..§.............
##)[.)C........... #
##.#.............,
###.#..#..#.........
,,,
#.........#.........
,,,
*#.....%..#...#.....,
, #...@....####..% ,,
≈ *
#.......##,,,..,,,,
#............., ,, ,
#.............. , ,
##.....#.#..... ≈, ,
##.... .##...**, ≈≈
##.#. #. ..,* **, *
###., . * ,* , * # *
*, * ,, + ≈


You could see a fire giant and a white ugly thing.

Vanquished Creatures
  Mara (Depths:1)
  Saint Roka (Vaults:4)
  Nikola (Shoals:4)
  Xtahua (Vaults:4)
  A titan (Vaults:4)
  A kraken (Shoals:1)
  Frances (Vaults:1)
  2 ancient champions (Vaults:1)
  Kirke (Lair:8)
  Ilsuiw (Shoals:5)
  An orc warlord (Orc:4)
  3 fire giants
  A deep elf sorcerer (Vaults:4)
  7 vault wardens
  A spriggan defender (Vaults:1)
  A very ugly thing (Depths:1)
  7 ironheart preservers
  5 stone giants
  A vampire knight (Vaults:1)
  A dire elephant (Lair:8)
  5 ettins
  Snorg (Orc:3)
  7 merfolk javelineers
  A deep elf death mage (Vaults:4)
  A minotaur (Lab)
  A crystal guardian (Vaults:4)
  9 merfolk impalers
  A rakshasa (D:13)
  3 great orbs of eyes
  3 fire dragons
  2 vault guards
  7 yaktaur captains
  An entropy weaver (Depths:1)
  Fannar (D:10)
  8 hydras
  An ice dragon (Vaults:4)
  10 ogre magi
  7 merfolk avatars
  Erolcha (D:8)
  A catoblepas (Lair:7)
  Erica (Lair:1)
  An alligator snapping turtle (Shoals:5)
  6 centaur warriors
  3 merfolk aquamancers (Shoals:5)
  5 salamander stormcallers
  3 deep troll shamans
  6 death yaks
  3 hell knights
  5 orc high priests (Orc:4)
  A soul eater (D:13)
  Sonja (Orc:3)
  3 deep elf knights
  A sun demon (D:13)
  3 fire crabs
  An unseen horror (Vaults:1)
  The ghost of inmateoo the Artisan of Death, an experienced VSNe of Kikubaaqudgha (D:9)
  10 deep trolls
  A giant orange brain (Vaults:4)
  A wizard (Vaults:3)
  17 skeletal warriors
  13 sea snakes
  10 ironbrand convokers
  2 flayed ghosts
  11 hill giants
  3 ice statues (IceCv)
  A lindwurm (Lair:2)
  An obsidian statue (D:13)
  A tengu zombie (Vaults:1)
  4 orc sorcerers
  A cyclops (shapeshifter) (Vaults:4)
  A phantasmal warrior (Vaults:3)
  4 necromancers
  2 wolf spiders (Vaults:2)
  A deep elf summoner (Vaults:4)
  13 griffons
  A manticore (shapeshifter) (Vaults:2)
  12 orc knights
  8 cyclopes
  12 harpies
  5 hornets
  15 manticores
  2 fauns (Shoals:2)
  32 ugly things
  A stone giant zombie (Vaults:1)
  A sphinx skeleton (Vaults:4)
  2 water nymphs
  A salamander (shapeshifter) (Vaults:3)
  12 sirens
  4 drowned souls
  2 stone giant skeletons (Vaults:1)
  10 elephants
  A frost giant skeleton (Vaults:1)
  3 black mambas
  10 vault sentinels
  An orange demon (D:13)
  10 spiny frogs
  A yaktaur zombie (Vaults:1)
  2 human zombies
  2 tengu conjurers (D:15)
  2 redback zombies (Vaults:1)
  13 komodo dragons
  3 kobold demonologists
  A komodo dragon (shapeshifter) (Vaults:1)
  A demonic crawler (Vaults:4)
  5 fire drakes
  5 freezing wraiths
  4 efreet
  A wandering mushroom (D:9)
  32 yaktaurs
  3 harpy zombies
  3 deep elf priests (Vaults:4)
  2 jumping spiders (Vaults:2)
  A red devil (D:13)
  4 polar bears
  5 trolls
  45 merfolk
  A wind drake (Shoals:5)
  Prince Ribbit (D:6)
  7 snapping turtles
  2 boulder beetles
  A raven (D:15)
  A polar bear (shapeshifter) (Vaults:3)
  19 slime creatures
  9 redbacks
  2 vampires
  3 wyverns
  11 blink frogs
  A griffon zombie (Shoals:4)
  2 deep elf magi
  13 two-headed ogres
  Sigmund (D:3)
  A shadow (D:15)
  3 trapdoor spiders
  9 water elementals
  A hippogriff (shapeshifter) (D:14)
  A chaos spawn (D:13)
  A wraith (D:12)
  20 hippogriffs
  A spriggan (shapeshifter) (Vaults:4)
  A tarantella (Depths:1)
  A frost giant simulacrum (Vaults:1)
  3 hogs (Lair:8)
  3 basilisks
  A fire bat (Volcano)
  A hungry ghost (D:10)
  48 yaks
  A salamander skeleton (Vaults:1)
  A human simulacrum (Vaults:1)
  A steam dragon (D:10)
  2 mottled dragons
  14 vampire mosquitoes
  10 wargs
  12 water moccasins
  An ogre zombie (Vaults:1)
  10 porcupines
  9 deep elf fighters
  6 wolves
  65 orc warriors
  2 necrophages (D:10)
  A black bear (Lair:8)
  14 ice beasts
  4 phantoms
  5 sky beasts
  An eye of draining (shapeshifter) (Vaults:3)
  2 wasps
  8 boggarts
  22 centaurs
  A boring beetle (Lair:8)
  4 big kobolds
  26 crocodiles
  A boring beetle (shapeshifter) (Vaults:1)
  3 gnoll sergeants (D:9)
  36 ogres
  20 giant frogs
  A wyvern zombie (D:14)
  4 scorpions
  12 killer bees
  10 wights
  3 hippogriff zombies (Shoals:4)
  An electric eel (Lair:4)
  3 centaur zombies
  9 crimson imps
  2 giant frog zombies
  4 quasits
  4 lava snakes (Lab)
  37 orc wizards
  8 hounds
  5 jellies
  3 giant frog skeletons
  36 orc priests
  2 iron imps (D:13)
  7 worker ants
  4 centaur skeletons
  7 iguanas
  Natasha (D:2)
  2 gnoll shamans
  2 hell rats (Lair:3)
  26 sheep
  A hound zombie (D:8)
  2 hound skeletons
  16 adders
  29 gnolls
  54 river rats
  2 shadow imps
  2 oozes
  4 worms
  2 adder skeletons
  8 giant geckos
  214 orcs
  4 ball pythons
  5 giant cockroaches
  25 hobgoblins
  16 jackals
  3 quokkas
  7 bats
  A giant gecko zombie (D:5)
  5 giant newts
  2 giant spores
  30 goblins
  37 kobolds
  18 rats
  7 ballistomycetes
  5 fungi
  A plant (Lair:8)
  A tentacle (Shoals:1)
1676 creatures vanquished.

Vanquished Creatures (others)
  A vault warden (Vaults:1)
  A very ugly thing (Depths:1)
  A merfolk avatar (Shoals:4)
  An ironbrand convoker (Vaults:1)
  A necromancer (Vaults:1)
  A griffon (Shoals:5)
  37 drowned souls
  A troll (D:13)
  A human simulacrum (Vaults:4)
  A yaktaur simulacrum (Vaults:4)
  A hog (Volcano)
  2 orc warriors
  2 ogres
  A shadow imp (D:13)
  An ufetubus (D:13)
  3 orcs
  2 giant spores
  2 ballistomycetes (D:15)
  6 fungi
  5 plants
  19 tentacles (Shoals:1)
  465 tentacle segments (Shoals:1)
555 creatures vanquished.

Grand Total: 2231 creatures vanquished

Notes
Turn   | Place    | Note
--------------------------------------------------------------
     0 | D:1      | sose, the Gargoyle Earth Elementalist, began the quest for the Orb.
     0 | D:1      | Reached XP level 1. HP: 10/10 MP: 3/3
   144 | D:1      | Reached skill level 4 in Earth Magic
   173 | D:1      | Reached XP level 2. HP: 13/15 MP: 1/5
   413 | D:1      | Reached skill level 5 in Earth Magic
   413 | D:1      | Reached XP level 3. HP: 19/19 MP: 0/6
   589 | D:2      | Noticed Sigmund
  1013 | D:2      | Reached XP level 4. HP: 24/24 MP: 3/7
  1091 | D:2      | Noticed Natasha
  1099 | D:2      | Killed Natasha
  1099 | D:2      | Reached skill level 6 in Earth Magic
  1239 | D:2      | Found a sparkling altar of Nemelex Xobeh.
  1241 | D:2      | Found a shattered altar of Ashenzari.
  1502 | D:2      | Found a glowing silver altar of Zin.
  1502 | D:2      | Found an opulent altar of Gozag.
  1504 | D:2      | Found a snail-covered altar of Cheibriados.
  1600 | D:2      | Found a deep blue altar of Sif Muna.
  1667 | D:3      | Reached XP level 5. HP: 28/28 MP: 6/8
  1692 | D:3      | Learned a level 2 spell: Stoneskin
  1696 | D:3      | Learned a level 3 spell: Stone Arrow
  1852 | D:3      | Reached skill level 7 in Earth Magic
  1988 | D:3      | Killed Sigmund
  1988 | D:3      | Reached skill level 8 in Earth Magic
  1988 | D:3      | Reached XP level 6. HP: 12/32 MP: 4/9
  2346 | D:3      | Found a bloodstained altar of Trog.
  2535 | D:2      | Became a worshipper of Ashenzari the Shackled
  2727 | D:3      | Learned a level 3 spell: Mephitic Cloud
  2875 | D:4      | Reached skill level 1 in Conjurations
  2973 | D:4      | Found a sparkling altar of Nemelex Xobeh.
  2978 | D:4      | Reached XP level 7. HP: 36/36 MP: 6/10
  2995 | D:4      | Reached skill level 9 in Earth Magic
  3661 | D:4      | Found a glowing golden altar of the Shining One.
  3794 | D:5      | Entered Level 5 of the Dungeon
  3877 | D:5      | Reached skill level 1 in Poison Magic
  3883 | D:5      | Reached skill level 1 in Air Magic
  3883 | D:5      | Reached XP level 8. HP: 41/41 MP: 7/13
  5060 | D:6      | Reached skill level 10 in Earth Magic
  5253 | D:6      | Noticed Prince Ribbit
  5260 | D:6      | Killed Prince Ribbit
  5260 | D:6      | Reached XP level 9. HP: 45/45 MP: 7/16
  5341 | D:6      | Acquired Ashenzari's first power
  5643 | D:6      | Learned a level 5 spell: Lee's Rapid Deconstruction
  5811 | D:6      | Gained mutation: You evolve. [potion of beneficial mutation]
  6252 | D:7      | Reached skill level 5 in Conjurations
  6448 | D:7      | Reached skill level 5 in Spellcasting
  6842 | D:7      | Reached skill level 1 in Fighting
  7120 | D:7      | Found a shimmering altar of Xom.
  7130 | D:7      | Noticed Baka's ghost (experienced GrFi)
  7579 | D:7      | Reached skill level 11 in Earth Magic
  7916 | D:7      | Reached XP level 10. HP: 54/54 MP: 11/19
  8203 | D:7      | Found a staircase to the Ecumenical Temple.
  8215 | Temple   | Entered the Ecumenical Temple
  8430 | Temple   | Learned a level 4 spell: Petrify
  9237 | D:8      | Reached skill level 1 in Transmutations
  9245 | D:8      | Identified the +5 chain mail "Qizir" {+Inv rElec rF+ Dex-5}
  9369 | D:8      | Acquired Ashenzari's second power
  9435 | D:8      | Learned a level 3 spell: Passwall
  9460 | D:8      | Reached skill level 1 in Maces & Flails
 10084 | D:8      | Lost mutation: You evolve. [end of evolution]
 10124 | D:8      | Noticed Erolcha
 10143 | D:8      | Killed Erolcha
 10609 | D:9      | Found a staircase to the Lair.
 10929 | D:9      | Noticed inmateoo's ghost (experienced VSNe)
 11019 | D:9      | Killed inmateoo's ghost
 11511 | D:9      | Noticed a centaur warrior
 11724 | D:9      | Reached skill level 5 in Maces & Flails
 11811 | D:9      | Reached skill level 1 in Shields
 11811 | D:9      | Reached XP level 11. HP: 62/62 MP: 13/21
 11967 | D:9      | Noticed a salamander stormcaller
 11969 | D:9      | Killed a salamander stormcaller
 11972 | D:9      | Noticed a cyclops
 12049 | D:9      | Killed a cyclops
 12049 | D:9      | Reached skill level 5 in Fighting
 12049 | D:9      | Reached skill level 12 in Earth Magic
 12061 | D:9      | Killed a centaur warrior
 12466 | Lair:1   | Entered Level 1 of the Lair of Beasts
 12858 | Lair:1   | Acquired Ashenzari's third power
 13535 | Lair:1   | Noticed Erica
 13545 | Lair:1   | Killed Erica
 14270 | Lair:1   | Reached XP level 12. HP: 71/71 MP: 20/24
 14548 | Lair:2   | Found a dark tunnel.
 14551 | Lair:2   | Reached skill level 13 in Earth Magic
 14569 | Volcano  | Entered a volcano
 15538 | Lair:2   | Learned a level 2 spell: Blink
 15541 | Lair:2   | Learned a level 2 spell: Repel Missiles
 15573 | Lair:2   | Reached skill level 1 in Charms
 16093 | Lair:2   | Identified the +3 leather armour "Ygoucyimm" {rPois Dex+4}
 16372 | Lair:3   | Found a frozen archway.
 16382 | IceCv    | Entered an ice cave
 16388 | IceCv    | Reached skill level 1 in Armour
 16388 | IceCv    | Reached skill level 1 in Translocations
 16872 | Lair:3   | Acquired Ashenzari's fourth power
 17428 | Lair:3   | Found a hole to the Spider Nest.
 17433 | Lair:3   | Noticed a four-headed hydra
 17436 | Lair:3   | Killed a four-headed hydra
 17648 | Lair:3   | Reached XP level 13. HP: 67/76 MP: 18/25
 18113 | Lair:4   | Identified the +1 robe "Ryipp" {rF++ rN+ Int+2 Dex-4}
 18702 | Lair:4   | Reached skill level 5 in Armour
 19357 | Lair:5   | Found a staircase to the Shoals.
 19899 | Lair:6   | Identified the +2 ring mail of Negligence {rF- rN+++ MP+9}
 20858 | Lair:7   | Reached skill level 14 in Earth Magic
 21137 | Lair:7   | Gained mutation: Your large and strong wings let you fly indefinitely. [Gargoyle growth]
 21137 | Lair:7   | Reached XP level 14. HP: 66/84 MP: 11/27
 21259 | Lair:7   | Learned a level 6 spell: Iron Shot
 21352 | Lair:8   | Entered Level 8 of the Lair of Beasts
 21352 | Lair:8   | Found a labyrinth entrance.
 21421 | Lab      | Entered a labyrinth
 22007 | Lab      | Identified the +9 war axe "Rudaim" {holy, Int+3} (You took it off a minotaur in a labyrinth)
 22023 | Lab      | Identified the +3 robe "Heog" {+Inv rCorr} (You found it in a labyrinth)
 22290 | Lair:8   | Found a viscous altar of Jiyva.
 22290 | Lair:8   | Found a staircase to the Slime Pits.
 23045 | Lair:8   | Reached skill level 10 in Spellcasting
 23384 | Lair:8   | Identified the ring of Lesser Demons {rPois rN+ MP+9 Int-2 Slay+3}
 23650 | Lair:8   | Noticed Kirke
 23702 | Lair:8   | Killed Kirke
 23999 | D:10     | Entered Level 10 of the Dungeon
 24133 | D:10     | Noticed Fannar
 24150 | D:10     | Killed Fannar
 24976 | D:11     | Identified the +2 scale mail "Xomo" {rF+}
 25029 | D:11     | Reached skill level 10 in Fighting
 25029 | D:11     | Reached skill level 10 in Conjurations
 25925 | D:12     | Found a staircase to the Orcish Mines.
 26166 | D:12     | Identified a scroll of acquirement
 26193 | D:12     | Reached skill level 15 in Earth Magic
 26420 | D:12     | Reached XP level 15. HP: 81/92 MP: 21/29
 27022 | Orc:1    | Entered Level 1 of the Orcish Mines
 28389 | Orc:1    | Found a roughly hewn altar of Beogh.
 28615 | Orc:3    | Found a staircase to the Elven Halls.
 28615 | Orc:3    | Noticed Sonja
 28615 | Orc:3    | Noticed Snorg
 28698 | Orc:3    | Found a bloodstained altar of Trog.
 29101 | Orc:3    | Killed Snorg
 29130 | Orc:3    | Killed Sonja
 29371 | Orc:4    | Entered Level 4 of the Orcish Mines
 29548 | Orc:4    | Found Zaunt's Magic Scroll Emporium.
 29555 | Orc:4    | Bought a scroll of identify for 28 gold pieces
 29555 | Orc:4    | Bought a scroll of identify for 28 gold pieces
 29555 | Orc:4    | Bought a scroll of teleportation for 42 gold pieces
 30730 | Orc:4    | Found Ihotim's General Store.
 30731 | Orc:4    | Found Koipriam's Jewellery Shoppe.
 30733 | Orc:4    | Found Voorix's Antique Armour Emporium.
 30733 | Orc:4    | Found Icoeg's Antique Weapon Emporium.
 30741 | Orc:4    | Bought a scroll of remove curse for 39 gold pieces
 30742 | Orc:4    | Bought the ring of Zen Mugh {MP+9 Str+4 Int+2 Dex-2 Slay+3} for 624 gold pieces
 30756 | Orc:4    | Bought a glowing helmet for 144 gold pieces
 30756 | Orc:4    | Bought an embroidered cloak for 144 gold pieces
 30756 | Orc:4    | Bought a pair of dazzling boots for 304 gold pieces
 30756 | Orc:4    | Identified the +1 pair of boots of Goselos {rElec MR- Dex+3 Stlth-} (You bought it in a shop on level 4 of the Orcish Mines)
 30807 | Orc:4    | Bought an encrusted eveningstar for 660 gold pieces
 30807 | Orc:4    | Identified the +9 eveningstar of Poerix {holy, rF+ Dex+3} (You bought it in a shop on level 4 of the Orcish Mines)
 32053 | D:13     | Identified the cursed amulet of Noon {rPois rN+ Regen+ MP+9 Int-5} (You acquired it on level 13 of the Dungeon)
 32056 | D:13     | Found Laalonit's Antique Armour Boutique.
 32059 | D:13     | Bought a pair of runed gloves for 126 gold pieces
 32059 | D:13     | Bought a pair of glowing gloves for 126 gold pieces
 32149 | D:13     | Reached skill level 10 in Armour
 32564 | D:14     | Found a gate to the Vaults.
 32617 | D:14     | Identified the +4 ring mail "Iduck" {MR+}
 32826 | D:14     | Reached skill level 16 in Earth Magic
 32858 | D:14     | Found a portal to a secret trove of treasure.
 32941 | D:14     | Reached XP level 16. HP: 60/100 MP: 31/31
 32961 | D:14     | Found a roughly hewn altar of Beogh.
 33154 | D:15     | Entered Level 15 of the Dungeon
 33203 | D:15     | Found a staircase to the Depths.
 33321 | D:15     | Identified the +2 blowgun of Isoes {speed, +Inv MP+9 Int+3 Dex-5}
 34929 | Shoals:1 | Entered Level 1 of the Shoals
 35221 | Shoals:1 | Noticed a kraken
 35353 | Shoals:1 | Reached skill level 10 in Maces & Flails
 35742 | Shoals:1 | Killed a kraken
 35875 | Shoals:2 | Identified a +1 pair of boots of running
 36971 | Shoals:3 | Identified the cursed +0 chain mail of the Echidna {rF+ rCorr} (You found it on level 3 of the Shoals)
 37833 | Shoals:4 | Noticed Nikola
 37887 | Shoals:4 | Killed Nikola
 37887 | Shoals:4 | Reached XP level 17. HP: 68/108 MP: 30/33
 37958 | Shoals:4 | Identified the ring "Faudur" {+/*Tele +Inv rPois rC+ Int-2}
 38476 | Shoals:5 | Entered Level 5 of the Shoals
 38588 | Shoals:5 | Noticed Ilsuiw
 38605 | Shoals:5 | Killed Ilsuiw
 38921 | Shoals:5 | Reached skill level 1 in Evocations
 39136 | Shoals:5 | Got a barnacled rune of Zot
 39848 | Shoals:5 | Identified the +11 chain mail of Mudaenej {MR+}
 40330 | Lair:1   | Learned a level 8 spell: Lehudib's Crystal Spear
 40687 | Vaults:1 | Entered Level 1 of the Vaults
 40917 | Vaults:1 | Reached XP level 18. HP: 68/115 MP: 34/34
 41278 | Vaults:1 | Noticed Frances
 41400 | Vaults:1 | Killed Frances
 42447 | Vaults:1 | Paralysed by an ogre mage for 2 turns
 42951 | Vaults:2 | Reached skill level 17 in Earth Magic
 43762 | Vaults:2 | Reached XP level 19. HP: 120/120 MP: 36/36
 44337 | Vaults:3 | Found a staircase to the Crypt.
 44750 | Vaults:3 | Reached skill level 15 in Maces & Flails
 46121 | Vaults:4 | Noticed Saint Roka
 46190 | Vaults:4 | Killed Saint Roka
 46323 | Vaults:4 | Found Giceam's Food Shoppe.
 46332 | Vaults:4 | Bought a meat ration for 60 gold pieces
 46332 | Vaults:4 | Bought a meat ration for 60 gold pieces
 46332 | Vaults:4 | Bought a meat ration for 60 gold pieces
 46332 | Vaults:4 | Bought a meat ration for 60 gold pieces
 46332 | Vaults:4 | Bought a bread ration for 60 gold pieces
 46332 | Vaults:4 | Bought a bread ration for 60 gold pieces
 46332 | Vaults:4 | Bought a meat ration for 60 gold pieces
 46332 | Vaults:4 | Bought a meat ration for 60 gold pieces
 46332 | Vaults:4 | Bought a bread ration for 60 gold pieces
 46332 | Vaults:4 | Bought a bread ration for 60 gold pieces
 46332 | Vaults:4 | Bought a bread ration for 60 gold pieces
 46332 | Vaults:4 | Bought a bread ration for 60 gold pieces
 46939 | Vaults:4 | Reached XP level 20. HP: 127/127 MP: 37/37
 46973 | Vaults:4 | Noticed Xtahua
 46985 | Vaults:4 | Killed Xtahua
 47003 | Vaults:4 | Reached skill level 5 in Stealth
 47126 | Vaults:4 | Paralysed by an ogre mage for 4 turns
 48793 | Lair:1   | Gained mutation: You possess an exceptional clarity of mind. [potion of beneficial mutation]
 49031 | Depths:1 | Entered Level 1 of the Depths
 49038 | Depths:1 | Noticed Mara
 49171 | Depths:1 | Killed Mara
 49313 | Depths:1 | Killed from afar by a fire giant

Action                   |  1- 3 |  4- 6 |  7- 9 | 10-12 | 13-15 | 16-18 | 19-21 || total
-------------------------+-------+-------+-------+-------+-------+-------+-------++-------
Melee: Dagger            |     5 |    52 |   102 |       |       |       |       ||   159
       Whip              |       |       |   107 |   448 |       |       |       ||   555
       Demon whip        |       |       |       |   211 |  1733 |  1470 |   130 ||  3544
       Eveningstar       |       |       |       |       |       |   130 |   722 ||   852
 Cast: Sandblast         |    50 |    65 |   143 |     3 |       |       |       ||   261
       Stone Arrow       |       |     4 |    31 |   119 |    52 |     2 |     1 ||   209
       Stoneskin         |       |     1 |     9 |    28 |    41 |    26 |    15 ||   120
       Mephitic Cloud    |       |       |    10 |     1 |       |       |       ||    11
       Lee's Rapid Decon |       |       |     4 |    52 |    97 |    64 |    15 ||   232
       Petrify           |       |       |       |     5 |     2 |       |     1 ||     8
       Passwall          |       |       |       |     1 |       |       |       ||     1
       Repel Missiles    |       |       |       |       |     6 |     7 |     4 ||    17
       Iron Shot         |       |       |       |       |    42 |   105 |    55 ||   202
       Blink             |       |       |       |       |       |     6 |     5 ||    11
Invok: Scrying           |       |       |       |     3 |     2 |       |       ||     5
 Abil: Fly               |       |       |       |       |     1 |     1 |       ||     2
       Stop Flying       |       |       |       |       |     1 |       |     1 ||     2
Evoke: Wand              |       |       |       |       |       |    14 |     6 ||    20
  Use: Scroll            |       |     7 |    10 |    22 |    25 |    13 |     8 ||    85
       Potion            |       |       |     3 |     4 |     1 |     3 |     4 ||    15
 Stab: Sleeping          |       |     1 |     3 |     2 |     1 |     1 |     1 ||     9
       Confused          |       |       |     5 |       |       |       |     1 ||     6
       Petrified         |       |       |       |     3 |       |       |       ||     3
       Petrifying        |       |       |       |       |     1 |     4 |     2 ||     7
       Paralysed         |       |       |       |       |       |     4 |     2 ||     6
       Distracted        |       |       |       |       |       |       |     2 ||     2
  Eat: Chunk             |     1 |     7 |    14 |    16 |    35 |    34 |    18 ||   125
       Fruit             |       |       |     3 |     5 |     5 |     1 |       ||    14
       Beef jerky        |       |       |       |     2 |     6 |     1 |     2 ||    11
       Pizza             |       |       |       |     4 |       |       |       ||     4
       Bread ration      |       |       |       |     1 |     1 |     6 |       ||     8
       Meat ration       |       |       |       |     2 |     4 |     5 |     5 ||    16
       Royal jelly       |       |       |       |       |     1 |       |       ||     1
